 Dungeon Crawl Stone Soup version 0.30-a0-29-g142975f185 (webtiles) character file.

Game seed: 5186550760375988883

9 ytrimaz the Trooper (level 2, 24/24 HPs)
             Began as a Demonspawn Fighter on Aug 26, 2022.
             Quit the game on level 1 of the Dungeon.
             The game lasted 00:00:15 (399 turns).

ytrimaz the Trooper (Demonspawn Fighter)             Turns: 399, Time: 00:00:16

Health: 24/24      AC:  6    Str: 16    XL:     2   Next: 6%
Magic:  2/2        EV:  8    Int:  9    God:
Gold:   0          SH:  4    Dex: 14    Spells: 1/1 levels left

rFire   . . .      SeeInvis .    a - +0 war axe
rCold   . . .      Faith    .    c - +0 buckler
rNeg    . . .      Spirit   .    b - +0 scale mail
rPois   .          Reflect  .    (no helmet)
rElec   .          Harm     .    (no cloak)
rCorr   .          Rampage  .    (no gloves)
Will    .....                    (no boots)
Stlth   +.........               (no amulet)
HPRegen 0.08/turn                (no ring)
MPRegen 0.08/turn                (no ring)

@: no status effects
A: thin skeletal structure 1
a: no special abilities


You were on level 1 of the Dungeon.
You visited 1 branch of the dungeon, and saw 1 of its levels.

Inventory:

Hand Weapons
 a - a +0 war axe (weapon)
Armour
 b - a +0 scale mail (worn)
 c - a +0 buckler (worn)
Scrolls
 e - a scroll of noise {unknown}
 f - a scroll of identify {unknown}
 g - a scroll of magic mapping {unknown}
Potions
 d - a potion of might


   Skills:
 + Level 3.4 Fighting
 + Level 2.1 Axes
 - Level 2.6 Armour
 - Level 2.6 Shields


You had one spell level left.
You didn't know any spells.
Your spell library contained the following spells:

 Spells                   Type           Power      Damage    Failure   Level
 Magic Dart               Conj           0%         1d3       89%         1
 Call Imp                 Summ           0%         N/A       96%         2
 Mephitic Cloud           Conj/Pois/Air  0%         N/A       99%         3
 Stone Arrow              Conj/Erth      0%         3d7       99%         3
 Animate Armour           Summ/Erth      0%         N/A       100%        4
 Lehudib's Crystal Spear  Conj/Erth      0%         10d2      100%        8


Dungeon Overview and Level Annotations

Branches:
Dungeon (1/15)

Altars:


Innate Abilities, Weirdness & Mutations

You have a somewhat thin skeletal structure. (Dex +2, Stealth+)


Message History

The rat twitches its whiskers.
The rat barely misses you.
You slash the rat!
You kill the rat!
You have reached level 2!
Your demonic ancestry asserts itself...
Your bones become slightly less dense.
Found a club.
No target in view!
Things that are here:
a +0 club; a +0 hand axe An endoplasm comes into view.
Found a scroll labelled ISTIUJ COAD and 4 poisoned darts.
An endoplasm is nearby!
The endoplasm quivers.
An endoplasm is nearby!
You see here a scroll labelled ISTIUJ COAD.
The endoplasm freezes you.
You are frozen.
You hit the endoplasm.
You kill the endoplasm!
No target in view!
No target in view!
f - a scroll labelled ISTIUJ COAD No target in view!
You see here 4 poisoned darts.
You see here 4 poisoned darts.
g - a scroll labelled BIZENU VIECOF No target in view!
Found a stone staircase leading down.
No target in view!
You pick up a book of Armaments and begin reading...
You add the spells Stone Arrow, Animate Armour and Lehudib's Crystal Spear to your library.
No target in view!
No target in view!
No target in view!
Found a short sword.
A ball python comes into view.
A ball python is nearby!
Are you sure you want to abandon this character and quit the game? (Confirm with "yes".)

#.# ####### #.#
#.....# #.#####
####.###.###......
#............#####
#..#####.###..###.
#..# #.# ##.##.#
#..# #.# #.#.## #@.#
#.# #..## #..#####.#
#.#### .........##
#.....
.......#...###.#...
###..##.............
#..####...####....
## #.)# #.### #....
.....S# #.# #.###
...#. #.# #.#


You could see a ball python (asleep).

Vanquished Creatures
  A ball python (D:1)
  3 endoplasms (D:1)
  A goblin (D:1)
  A kobold (D:1)
  A frilled lizard (D:1)
  A rat (D:1)
8 creatures vanquished.

Notes
Turn   | Place    | Note
-------+----------+-------------------------------------------
     0 | D:1      | ytrimaz the Demonspawn Fighter began the quest for the Orb.
     0 | D:1      | Reached XP level 1. HP: 18/18 MP: 1/1
   261 | D:1      | Gained mutation: You have a somewhat thin skeletal
                  | structure. (Dex +2, Stealth+) [demonic ancestry]
   261 | D:1      | Reached XP level 2. HP: 24/24 MP: 2/2
   399 | D:1      | Quit the game

Illustrated notes

Levels and vault maps discovered:
D:1:      dpeg_arrival_pits, layout_loops_ring

Skill      XL: |  1 |
---------------+----+-----
Axes           | 2 |  2.1
Fighting       | |  3.4
Armour         | |  2.6
Shields        | |  2.6

Action                   || total
-------------------------++-------
Melee: War axe           ||    13
Armor: Scale mail        ||     3
Dodge: Dodged            ||     6

Table legend: (Time is in decaauts)
 A = Elapsed time spent in this place.
 B = Non-inter-level travel time spent in this place.
 C = Inter-level travel time spent in this place.
 D = Time resting spent in this place.
 E = Time spent auto-exploring this place.
 F = Levels seen in this place.
 G = Mean time per level.
                   A        B        C        D        E       F      G
               +--------+--------+--------+--------+--------+-----+--------+
         Total |    404 |    404 |      0 |      0 |    345 |   1 |  404.0 |
       Dungeon |    404 |    404 |      0 |      0 |    345 |   1 |  404.0 |
               +--------+--------+--------+--------+--------+-----+--------+

Top non-repeatable levels by time:
     D:1: 404 daAuts
